 Dungeon Crawl Stone Soup version 0.31-a0-831-g143b1e8 (webtiles) character file.

Game seed: 1240279673686730755

17668 BarneyGumball the Destroyer (level 12, -7/89 HPs)
             Began as a Demonspawn Conjurer on Sept 24, 2023.
             Was an Elder of Vehumet.
             Mangled by a catoblepas (13 damage)
             ... on level 2 of the Lair of Beasts.
             The game lasted 00:48:36 (14248 turns).

BarneyGumball the Destroyer (Demonspawn Conjurer)  Turns: 14248, Time: 00:48:36

Health: -7/89      AC:  5    Str:  9    XL:     12   Next: 20%
Magic:  3/18       EV: 15    Int: 23    God:    Vehumet [****..]
Gold:   801        SH:  0    Dex: 12    Spells: 5/20 levels left

rFire   . . .        l - +2 dagger (elec)
rCold   + + .        (no shield)
rNeg    . . .        N - +1 robe {rC+}
rPois   .            (helmet restricted)
rElec   .            (no cloak)
rCorr   .            k - +0 pair of gloves
SInv    .            O - +0 pair of boots
Will    +....        I - amulet of magic regeneration
Stlth   ++           q - ring of protection from cold
HPRegen 0.34/turn    B - ring of willpower
MPRegen 0.72/turn

%: no passive effects
@: invisible
A: antennae 2, spiny 3, magic regeneration
a: Renounce Religion


You were on level 2 of the Lair of Beasts.
You worshipped Vehumet.
Vehumet was greatly pleased with you.
You visited 3 branches of the dungeon, and saw 14 of its levels.

You collected 801 gold pieces.

Inventory:

Hand Weapons
 l - a +2 dagger of electrocution (weapon)
 D - the +2 mace of Nusolu {heavy, +Blink rN+}
   (You found it on level 6 of the Dungeon)

   rN+:       It protects you from negative energy.
   +Blink:    It lets you blink.
Missiles
 s - 6 javelins
 v - 23 poisoned darts (quivered)
 z - 2 atropa-tipped darts
 H - 4 throwing nets
Armour
 k - a +0 pair of gloves (worn)
 N - a +1 robe of cold resistance (worn)
 O - a +0 pair of boots (worn)
Magical Staves
 u - a staff of air
Jewellery
 j - a +4 ring of slaying
 q - a ring of protection from cold (left hand)
 B - a ring of willpower (right hand)
 I - an amulet of magic regeneration (around neck)
 J - a ring of see invisible
 Q - a ring of protection from cold
Wands
 E - a wand of digging (10)
 F - a wand of flame (22)
 K - a wand of mindburst (4)
 M - a wand of roots (5)
Scrolls
 c - 4 scrolls of teleportation
 f - 4 scrolls of enchant weapon
 g - 4 scrolls of brand weapon
 i - a scroll of immolation {unknown}
 m - 3 scrolls of noise {unknown}
 n - a scroll of vulnerability {unknown}
 o - 4 scrolls of blinking {unknown}
 p - a scroll of amnesia {unknown}
 r - 2 scrolls of torment {unknown}
 t - 3 scrolls of fear {unknown}
 y - 2 scrolls of revelation {unknown}
 C - a scroll of poison {unknown}
Potions
 a - a potion of brilliance {unknown}
 b - a potion of magic
 d - 5 potions of curing
 e - 3 potions of mutation
 h - 2 potions of lignification
 w - 5 potions of enlightenment
 x - 3 potions of attraction
 A - 3 potions of invisibility
 G - a potion of cancellation
Miscellaneous
 L - a lightning rod (4/4)
 P - a phial of floods


   Skills:
 + Level 6.7 Fighting
 - Level 4.0 Throwing
 + Level 8.1 Dodging
 - Level 2.0 Stealth
 + Level 4.5 Spellcasting
 + Level 12.9 Conjurations
 - Level 3.0 Hexes
 - Level 5.0 Translocations
 - Level 5.6 Ice Magic
 - Level 4.0 Evocations


You had 5 spell levels left.
You knew the following spells:

 Your Spells              Type           Power      Damage    Failure   Level
a - Magic Dart            Conj           100%       1d8       1%          1
b - Searing Ray           Conj           100%       2d8       1%          2
c - Iskenderun's Mystic   Conj/Tloc      46%        2d10      1%          4
d - Apportation           Tloc           56%        N/A       1%          1
e - Fulminant Prism       Conj/Hex       20%        3d12      1%          4
f - Frozen Ramparts       Ice            62%        1d10      1%          3

Your spell library contained the following spells:

 Spells                   Type           Power      Damage    Failure   Level
 Mephitic Cloud           Conj/Pois/Air  24%        N/A       1%          3
 Shock                    Conj/Air       100%       1d9       1%          1
 Dazzling Flash           Conj/Hex       82%        N/A       1%          3
 Flame Wave               Conj/Fire      34%        2d10      1%          4
 Slow                     Hex            72%        N/A       3%          1
 Jinxbite                 Hex            36%        N/A       4%          2
 Scorch                   Fire           10%        2d5       4%          2
 Confusing Touch          Hex            18%        N/A       9%          3
 Sigil of Binding         Hex            18%        N/A       9%          3
 Summon Small Mammal      Summ           20%        N/A       10%         1
 Summon Guardian Golem    Hex/Summ       12%        N/A       16%         3
 Airstrike                Air            2%         2d(1-17)  24%         4
 Call Canine Familiar     Summ           5%         N/A       30%         3
 Swiftness                Air            5%         N/A       30%         3
 Vampiric Draining        Necr           5%         2d6       30%         3
 Summon Ice Beast         Ice/Summ       18%        N/A       30%         4
 Metabolic Englaciation   Hex/Ice        12%        N/A       43%         5
 Petrify                  Tmut/Erth      5%         N/A       69%         4
 Summon Mana Viper        Hex/Summ       12%        N/A       83%         5
 Alistair's Intoxication  Tmut/Pois      3%         N/A       95%         5
 Summon Cactus Giant      Summ           2%         N/A       100%        6
 Monstrous Menagerie      Summ           2%         N/A       100%        7


Dungeon Overview and Level Annotations

Branches:
Dungeon (11/15)            Temple (1/1) D:5            Lair (2/5) D:10
    Orc (0/2) D:10
  Swamp: Lair:2-3    Shoals: Lair:2-3     Snake: Lair:2-3    Spider: Lair:2-3

Altars:
Ashenzari
Cheibriados
Dithmenos
Fedhas
Gozag
Hepliaklqana
Kikubaaqudgha
Makhleb
Nemelex Xobeh
Okawaru
Qazlal
Ru
Sif Muna
Trog
Uskayaw
Vehumet
Wu Jian
Yredelemnul

Annotations:
D:7 2 transporters, Caterwaul's ghost, novice HuMo
D:8 2 exclusions, Erica
D:10 exclusion: centaur warrior
Lair:1 Nergalle


Innate Abilities, Weirdness & Mutations

You have a pair of antennae on your head.
You are completely covered in sharp spines.
You regenerate magic rapidly.


Message History

Aiming: Searing Ray (safe; 1% risk of failure)
Press: ? - help, Shift-Dir - straight line, f - catoblepas
Aim: a catoblepas (lightly wounded, 100% to hit)
The searing ray hits the catoblepas.
The catoblepas is moderately wounded. (Press . to maintain the ray.)
The wall freezes the catoblepas but does no damage.
The searing ray hits the catoblepas.
The catoblepas is moderately wounded.
The wall freezes the catoblepas.
The searing ray hits the catoblepas.
The catoblepas is moderately wounded.
The wall freezes the catoblepas.
The catoblepas smashes its foot into the ground.
The catoblepas barely misses you.
The searing ray hits the catoblepas.
The catoblepas is moderately wounded.
You finish channelling your searing ray.
The wall freezes the catoblepas but does no damage.
The catoblepas gores you!!
Casting: Searing Ray (safe; 1% risk of failure)
Confirm with . or Enter, or press ? or * to list all spells.
You erupt in a blast of force!
The mystic blast hits the catoblepas!
The catoblepas is heavily wounded.
The wall freezes the catoblepas but does no damage.
The catoblepas gores you!!
* * * LOW HITPOINT WARNING * * *
Okay, then.
Okay, then.
Okay, then.
Okay, then.
Press: ? - help, v - describe, . - travel, g - get item
Here: a catoblepas (heavily wounded)
Items here: a yak corpse; a blink frog corpse.
The floor, spattered with blood.
Okay, then.
Unknown command.
You fade into invisibility!
The frozen ramparts melt away.
The catoblepas gores you!
You die...

..#.... ... .#..... #... ..#
.#.#.+.##... .^.# ..#.#...#...P
....# >.........>.# ##....#
............## ### .......
.............####.##.......
.................†..†......
...............†@Y††.....[.
.....#+##....#.##.#..#...§.
#.###........#########.....##+.#.
##.##.8......## P.....P.....
####...##.....# ####.~.~~......
####...#......# ....~~~~~~.....
.......#.....## .#.~~≈≈≈~≈~~...
8....##......# ...~≈§~~≈≈≈~...
....#####.....# #.~≈~§..≈≈~...


You could see a catoblepas (unable to see you).

Vanquished Creatures
  Harold (D:10)
  A catoblepas (Lair:2)
  2 two-headed ogres
  An elephant (D:10)
  A black mamba (Lair:1)
  3 cane toads
  2 rime drakes
  3 komodo dragons
  A polar bear (Lair:1)
  2 trolls
  2 hornets
  7 blink frogs (Lair:2)
  Sigmund (D:3)
  2 wyverns
  29 yaks
  4 steam dragons
  3 water moccasins
  An orc warrior (D:8)
  A sky beast (D:7)
  5 black bears
  4 centaurs
  9 wolves
  2 kobold brigands (D:8)
  2 phantoms
  7 bullfrogs
  3 gnoll sergeants
  4 wights (D:10)
  3 scorpions
  14 killer bees
  A howler monkey (D:8)
  2 hounds
  3 jellies
  4 gnoll boudas
  4 orc priests
  A sleepcap (D:5)
  Jessica (D:3)
  Natasha (thrice) (D:3)
  3 iguanas
  8 orc wizards
  Robin (D:4)
  3 adders
  24 gnolls
  2 white imps
  An ufetubus (D:4)
  A dart slug (D:3)
  21 orcs
  8 ball pythons
  12 endoplasms
  4 giant cockroaches
  21 goblins
  6 hobgoblins
  12 kobolds
  2 quokkas
  7 bats
  4 frilled lizards
  4 rats (D:1)
283 creatures vanquished.

Vanquished Creatures (others)
  14 fulminant prisms
14 creatures vanquished.

Grand Total: 297 creatures vanquished

Notes
Turn   | Place    | Note
-------+----------+-------------------------------------------
     0 | D:1      | BarneyGumball the Demonspawn Conjurer began the quest for
                  | the Orb.
     0 | D:1      | Reached XP level 1. HP: 13/13 MP: 3/3
   501 | D:1      | Gained mutation: You are partially covered in sharp spines.
                  | [demonic ancestry]
   501 | D:1      | Reached XP level 2. HP: 19/19 MP: 3/5
   802 | D:1      | Learned a level 2 spell: Searing Ray
  1389 | D:2      | Gained mutation: You regenerate magic rapidly. [demonic
                  | ancestry]
  1389 | D:2      | Reached XP level 3. HP: 24/24 MP: 2/6
  1661 | D:2      | Reached skill level 1 in Translocations
  1902 | D:3      | Noticed Jessica
  1905 | D:3      | Killed Jessica
  1906 | D:3      | Reached skill level 5 in Conjurations
  2068 | D:3      | Reached XP level 4. HP: 30/30 MP: 4/7
  2200 | D:3      | Found an ornate altar of the Wu Jian Council.
  2272 | D:3      | Noticed Sigmund
  2400 | D:3      | Noticed Natasha
  2412 | D:3      | Killed Natasha
  2548 | D:3      | Noticed Natasha
  2626 | D:3      | Killed Natasha
  2627 | D:3      | Reached XP level 5. HP: 35/35 MP: 2/8
  2873 | D:3      | Noticed Natasha
  2879 | D:3      | Killed Natasha
  3056 | D:3      | Killed Sigmund
  3057 | D:3      | Reached skill level 6 in Conjurations
  3057 | D:3      | Gained mutation: You have a pair of small antennae on your
                  | head. [demonic ancestry]
  3057 | D:3      | Reached XP level 6. HP: 41/41 MP: 4/9
  3386 | D:4      | Gained mutation: You are mostly covered in sharp spines.
                  | [demonic ancestry]
  3386 | D:4      | Reached XP level 7. HP: 34/46 MP: 5/10
  3472 | D:4      | Reached skill level 7 in Conjurations
  3795 | D:4      | Noticed Robin
  3802 | D:4      | Killed Robin
  3941 | D:4      | Reached skill level 5 in Translocations
  4019 | D:4      | Identified the +7 dire flail "Ykkubisa" {heavy, rC+++ Str-3
                  | Int-2 Dex+5}
  4431 | D:5      | Entered Level 5 of the Dungeon
  4507 | D:5      | Noticed a yak
  4507 | D:5      | Noticed a yak
  4512 | D:4      | Reached skill level 8 in Conjurations
  4590 | D:4      | Learned a level 4 spell: Iskenderun's Mystic Blast
  4819 | D:5      | Reached XP level 8. HP: 50/52 MP: 6/11
  5173 | D:5      | Reached skill level 9 in Conjurations
  5283 | D:4      | Reached skill level 10 in Conjurations
  5511 | D:5      | Found a staircase to the Ecumenical Temple.
  5572 | Temple   | Entered the Ecumenical Temple
  5583 | Temple   | Became a worshipper of Vehumet
  5606 | D:5      | Learned a level 1 spell: Apportation
  5702 | D:5      | Reached skill level 1 in Fighting
  5911 | D:6      | Reached XP level 9. HP: 61/61 MP: 8/12
  6880 | D:6      | Reached skill level 11 in Conjurations
  6929 | D:6      | Identified the +2 mace of Nusolu {heavy, +Blink rN+}
  7124 | D:7      | Found an ancient bone altar of Kikubaaqudgha.
  7169 | D:7      | Found a transporter.
  7171 | D:7      | Found a transporter.
  7171 | D:7      | Noticed Caterwaul's ghost (novice HuMo)
  7601 | D:7      | Reached * piety under Vehumet
  7601 | D:7      | Offered knowledge of Sandblast by Vehumet.
  7822 | D:7      | Found a bloodstained altar of Trog.
  8192 | D:8      | Reached skill level 5 in Fighting
  8342 | D:8      | Noticed Erica
  8508 | D:8      | Reached ** piety under Vehumet
  8508 | D:8      | Offered knowledge of Static Discharge by Vehumet.
  8575 | D:8      | Reached skill level 12 in Conjurations
  8662 | D:8      | Learned a level 4 spell: Fulminant Prism
  8683 | D:8      | Reached XP level 10. HP: 64/74 MP: 4/13
  8718 | D:8      | Reached skill level 1 in Hexes
  8718 | D:8      | Reached skill level 1 in Evocations
  8768 | D:8      | Reached skill level 1 in Throwing
  8899 | D:8      | Found a basalt altar of Yredelemnul.
  9268 | D:9      | Found an iron altar of Okawaru.
  9370 | D:9      | Noticed a two-headed ogre
  9401 | D:9      | Killed a two-headed ogre
  9453 | D:9      | Found a burning altar of Makhleb.
  9780 | D:9      | Reached skill level 5 in Dodging
  9916 | D:9      | Offered knowledge of Volatile Blastmotes by Vehumet.
 10094 | D:10     | Entered Level 10 of the Dungeon
 10128 | D:10     | Found a snail-covered altar of Cheibriados.
 10129 | D:10     | Noticed a two-headed ogre
 10337 | D:10     | Killed a two-headed ogre
 10492 | D:10     | Gained mutation: You have a pair of antennae on your head.
                  | [demonic ancestry]
 10492 | D:10     | Reached XP level 11. HP: 68/79 MP: 14/14
 10503 | D:10     | Reached skill level 1 in Ice Magic
 10860 | D:10     | Found a staircase to the Lair.
 10905 | D:10     | Noticed a centaur warrior
 11178 | D:10     | Found a shimmering blue altar of Sif Muna.
 11179 | D:10     | Found a staircase to the Orcish Mines.
 11397 | D:11     | Noticed a two-headed ogre
 11423 | D:11     | Noticed a boulder beetle
 11439 | Lair:1   | Entered Level 1 of the Lair of Beasts
 11439 | Lair:1   | Noticed Harold
 11453 | D:10     | Killed Harold
 11591 | D:10     | Reached *** piety under Vehumet
 11732 | Lair:1   | Reached skill level 5 in Ice Magic
 11993 | Lair:1   | Noticed Nergalle
 12688 | Lair:1   | Offered knowledge of Mephitic Cloud by Vehumet.
 12693 | Lair:1   | Learned a level 3 spell: Frozen Ramparts
 13393 | Lair:2   | Noticed a catoblepas
 13451 | Lair:2   | Noticed a catoblepas
 14055 | Lair:2   | Killed a catoblepas
 14056 | Lair:2   | Gained mutation: You are completely covered in sharp
                  | spines. [demonic ancestry]
 14056 | Lair:2   | Reached XP level 12. HP: 85/88 MP: 9/18
 14078 | Lair:2   | Reached **** piety under Vehumet
 14248 | Lair:2   | Mangled by a catoblepas

Illustrated notes

Levels and vault maps discovered:
D:1:      wheals_arrival_shading, layout_loops_cross
D:2:      layout_loops_ring, fountainhead
D:3:      layout_basic, lemuel_coloured_pillars_altar, uniq_natasha,
          uniq_jessica, uniq_sigmund
D:4:      layout_loops_ring, solitary_fountain, minmay_fractal_squares_5,
          uniq_robin
D:5:      layout_rooms, minmay_temple_entry_stoned_glass
D:6:      layout_basic
D:7:      layout_loops_ring, trog_hazing_becter, kiku_gazebo_pond_becter,
          gammafunk_ghost_arena, hangedman_decor_riveting,
          chequers_serial_rivers_micro_b
D:8:      kennysheep_ambush_hall, layout_rooms, zin_academy,
          mainiacjoe_overflow_catwalk, kennysheep_little_box, serial_aquarium,
          aquarium_bridge_square [aquarium_subvault_window,
          aquarium_subvault_balcony, aquarium_subvault_bridge,
          aquarium_subvault_window], aquarium_window_1, aquarium_window_fake,
          aquarium_view_2c, aquarium_balcony_5b, grunt_tough_drop, uniq_erica
D:9:      layout_basic, okawaru_gym_becter, mainiacjoe_overflow_alcove_2
D:10:     layout_basic, mainiacjoe_overflow_tiny_flanked, old_standard_altar,
          david_lair_generic, orc_0_dummy, serial_glass, glass_columns_a,
          glass_columns_c, minivault_25
D:11:     layout_roguey, uniq_psyche
Temple:   hellmonk_temple_flake
Lair:1:   layout_cave_pods, uniq_nergalle, uniq_harold
Lair:2:   layout_regular_city, serial_bayou_shore_b, grunt_megastairs_4,
          infiniplex_staircase_pool_2

Skill      XL: |  1  2  3  4  5  6  7  8  9 10 11 12 |
---------------+-------------------------------------+-----
Translocations | 1 2 3 4 5 |  5.0
Conjurations   | 5 6 8 10 12 | 12.9
Fighting       | 1 5 6 |  6.7
Dodging        | 2 4 6 7 8 |  8.1
Stealth        | 2 |  2.0
Hexes          | 3 |  3.0
Evocations     | 4 |  4.0
Throwing       | 4 |  4.0
Ice Magic      | 5 |  5.6
Spellcasting   | 4 |  4.5

Action                     |  1- 3 |  4- 6 |  7- 9 | 10-12 || total
---------------------------+-------+-------+-------+-------++-------
  Melee: Unarmed           |     6 |       |       |       ||     6
         Dagger            |     7 |     1 |    35 |    54 ||    97
         Punch             |       |       |     1 |     2 ||     3
  Throw: Dart              |       |       |     9 |    16 ||    25
   Cast: Magic Dart        |    72 |    26 |   170 |    39 ||   307
         Searing Ray       |     2 |     9 |    48 |    71 ||   130
         Iskenderun's Myst |       |       |     7 |    38 ||    45
         Fulminant Prism   |       |       |       |    14 ||    14
         Frozen Ramparts   |       |       |       |     8 ||     8
    Use: Scroll            |       |       |    11 |       ||    11
         Potion            |       |       |       |     2 ||     2
   Stab: Sleeping          |       |     1 |       |       ||     1
 Armour: Robe              |     7 |    19 |    55 |    83 ||   164
         Steam dragon scal |       |       |    35 |    40 ||    75
  Dodge: Dodged            |     8 |     7 |    83 |   105 ||   203

Table legend: (Time is in decaauts)
 A = Elapsed time spent in this place.
 B = Non-inter-level travel time spent in this place.
 C = Inter-level travel time spent in this place.
 D = Time resting spent in this place.
 E = Time spent auto-exploring this place.
 F = Levels seen in this place.
 G = Mean time per level.
                   A        B        C        D        E       F      G
               +--------+--------+--------+--------+--------+-----+--------+
         Total |  14273 |  13343 |    930 |   1720 |   9097 |  14 | 1019.5 |
       Dungeon |  11665 |  10989 |    676 |   1421 |   7495 |  11 | 1060.5 |
        Temple |     22 |      1 |     21 |      0 |      0 |   1 |   22.0 |
          Lair |   2585 |   2353 |    232 |    299 |   1602 |   2 | 1292.5 |
               +--------+--------+--------+--------+--------+-----+--------+

Top non-repeatable levels by time:
     D:4: 1984 daAuts
  Lair:1: 1806 daAuts
    D:10: 1420 daAuts
     D:3: 1251 daAuts
     D:7: 1193 daAuts
     D:9: 1164 daAuts
     D:6: 1138 daAuts
     D:1: 994 daAuts
     D:2: 896 daAuts
     D:8: 825 daAuts
     D:5: 790 daAuts
  Lair:2: 778 daAuts
  Temple: 22 daAuts
    D:11: 5 daAuts
